 Dungeon Crawl Stone Soup version 0.30.0-29-ga12c61a403 (webtiles) character file.

Game seed: 8352082508702728876

15788 cheesebisquit the Grappler (level 12, -28/120 HPs)
             Began as a Troll Fighter on June 12, 2023.
             Was an Elder of Wu Jian.
             Killed from afar by a tengu reaver (30 damage)
             ... with a bolt of acid
             ... on level 12 of the Dungeon.
             The game lasted 00:39:26 (9551 turns).

cheesebisquit the Grappler (Troll Fighter)          Turns: 9551, Time: 00:39:27

Health: -28/120    AC:  5    Str: 33    XL:     12   Next: 4%
Magic:  20/20      EV: 16    Int: 11    God:    Wu Jian [****..]
Gold:   12         SH: 10    Dex: 11    Spells: 3/11 levels left

rFire   + .          .
                       - Unarmed
rCold   . . .        b - +0 kite shield
rNeg    . . .        q - +2 robe {rF+}
rPois   +            C - +3 hat "Wuodecurist" {Int+3 Dex+2 Stlth-}
rElec   .            J - scarf {+Inv}
rCorr   .            (gloves unavailable)
SInv    .            (boots unavailable)
Will    +....        f - amulet of the acrobat Stlth
                     V - ring "Xabokap" {rPois Will+ MP+9 EV+5}
HPRegen 1.20/turn    t - +6 ring of strength
MPRegen 0.17/turn

%: acrobat
@: about to teleport, spiked, corroded
A: large, unfitting armour, claws 3, regeneration 1, shaggy fur 1, tough skin 1
a: Renounce Religion, Evoke Invisibility, Wall Jump, Serpent's Lash


You were on level 12 of the Dungeon.
You worshipped Wu Jian.
Wu Jian was greatly pleased with you.
You visited 2 branches of the dungeon, and saw 13 of its levels.
You also visited: Bailey.

You collected 578 gold pieces.
You spent 566 gold pieces at shops.

Inventory:

Hand Weapons
 P - a +5 giant spiked club
Missiles
 h - 12 boomerangs
 k - 3 silver javelins
 l - 6 javelins
 r - 39 poisoned darts (quivered)
 A - 9 large rocks
 T - 3 atropa-tipped darts
Armour
 b - a +0 kite shield (worn)
 q - a +2 robe of fire resistance (worn)
 C - the +3 hat "Wuodecurist" (worn) {Int+3 Dex+2 Stlth-}
   (You found it on level 7 of the Dungeon)

   Int:       It affects your intelligence (+3).
   Dex:       It affects your dexterity (+2).
   Stlth:     It makes you less stealthy.
 J - a scarf of invisibility (worn)
 K - +0 ice dragon scales
Magical Staves
 L - a staff of earth
Jewellery
 f - an amulet of the acrobat (around neck)
 i - a ring of flight
 t - a +6 ring of strength (right claw)
 F - a +4 ring of protection
 G - a ring of wizardry
 Q - a +5 ring of evasion
 S - a ring of protection from cold
 U - a +6 ring of intelligence
 V - the ring "Xabokap" (left claw) {rPois Will+ MP+9 EV+5}
   (You found it on level 12 of the Dungeon)

   [ring of evasion]

   EV:        It affects your evasion (+5).
   rPois:     It protects you from poison.
   MP:        It affects your magic capacity (+9).
   Will:      It increases your willpower.
Wands
 d - a wand of light (8)
 x - a wand of roots (7)
Scrolls
 e - 4 scrolls of teleportation
 g - a scroll of silence
 m - 3 scrolls of immolation
 o - a scroll of vulnerability
 y - 2 scrolls of fear
 z - 4 scrolls of poison
 D - a scroll of amnesia {unknown}
 H - a scroll of fog
 M - a scroll of magic mapping {unknown}
 N - a scroll of enchant armour {unknown}
 O - a scroll of acquirement {unknown}
Potions
 a - 3 potions of magic
 c - a potion of resistance
 j - 7 potions of heal wounds
 n - 3 potions of curing
 p - 4 potions of brilliance
 s - 4 potions of flight
 u - 3 potions of mutation
 v - a potion of ambrosia
 w - 3 potions of degeneration
 B - 5 potions of lignification
 E - 3 potions of haste
 R - a potion of attraction


   Skills:
 + Level 8.2 Fighting
 + Level 6.3 Dodging
 + Level 9.0 Shields
 * Level 13.2 Unarmed Combat


You had 3 spell levels left.
You knew the following spells:

 Your Spells              Type           Power      Damage    Failure   Level
a - Statue Form           Tmut/Erth      0%         N/A       100%        6
b - Blink                 Tloc           0%         N/A       63%         2

Your spell library contained the following spells:

 Spells                   Type           Power      Damage    Failure   Level
 Magic Dart               Conj           0%         1d3       50%         1
 Call Imp                 Summ           0%         N/A       63%         2
 Ensorcelled Hibernation  Hex/Ice        0%         N/A       63%         2
 Passwall                 Tmut/Erth      0%         N/A       63%         2
 Searing Ray              Conj           0%         2d4       63%         2
 Frozen Ramparts          Ice            0%         1d1       86%         3
 Mephitic Cloud           Conj/Pois/Air  0%         N/A       86%         3
 Swiftness                Air            0%         N/A       86%         3
 Vhi's Electric Charge    Tloc/Air       0%         N/A       86%         3
 Fulminant Prism          Conj/Hex       0%         3d5       99%         4
 Ice Form                 Ice/Tmut       0%         N/A       99%         4
 Manifold Assault         Tloc           0%         N/A       99%         4
 Petrify                  Tmut/Erth      0%         N/A       99%         4
 Summon Ice Beast         Ice/Summ       0%         N/A       99%         4
 Arcjolt                  Conj/Air       0%         1d10      100%        5
 Blade Hands              Tmut           0%         N/A       100%        5
 Irradiate                Conj/Tmut      0%         3d11      100%        5
 Metabolic Englaciation   Hex/Ice        0%         N/A       100%        5
 Conjure Ball Lightning   Conj/Air       0%         3x3d6     100%        6
 Dragon Form              Tmut           0%         N/A       100%        7
 Storm Form               Tmut/Air       0%         N/A       100%        7
 Discord                  Hex            0%         N/A       100%        8
 Disjunction              Tloc           0%         N/A       100%        8
 Maxwell's Capacitive Co  Air            0%         ∞         100%        8


Dungeon Overview and Level Annotations

Branches:
Dungeon (12/15)            Temple (1/1) D:6            Lair (0/5) D:10
    Orc (0/2) D:11         Bailey (visited)

Altars:
Ashenzari
Cheibriados
Dithmenos
Elyvilon
Fedhas
Gozag
Hepliaklqana
Kikubaaqudgha
Makhleb
Nemelex Xobeh
Okawaru
Qazlal
Ru
Sif Muna
Trog
Uskayaw
Vehumet
Wu Jian
Xom
Yredelemnul
Zin
The Shining One

Shops:
D:2 (   D:4 (((*   D:5 (   D:6 :   D:9 :   D:10 **   D:11 *

Annotations:
D:5 1 runed translucent door, bairyn's ghost, novice AtFi
D:7 2 transporters, chickenninja42's ghost, novice MiBe


Innate Abilities, Weirdness & Mutations

You are too large for most types of armour.
You have claws for hands.
Your natural rate of healing is unusually fast.
You are covered in fur. (AC +1)
You have tough skin. (AC +1)


Message History

Press: ? - help, Dir - move target
As you read the scroll of blinking, it crumbles to dust.
You open the door.
The tengu reaver hits you with a +0 battleaxe!
The tengu reaver pecks you. The tengu reaver claws you.
You block the sphinx's attack. The sphinx hits you but does no damage.
The sphinx completely misses you.
Okay, then.
Blink to where?
Press: ? - help, Dir - move target
As you read the scroll of blinking, it crumbles to dust.
The cyclops shouts!
The ogre mage shouts!
As you read the scroll of teleportation, it crumbles to dust.
You feel strangely unstable.
The manticore flicks its tail.
The volley of spikes hits you.
The barbed spikes become lodged in your body.
You hear a horrible gurgling sound!
Blink to where?
Press: ? - help, Dir - move target
As you read the scroll of blinking, it crumbles to dust.
The ogre mage casts a spell.
The ogre mage flickers and vanishes!
Deactivating autopickup; reactivate with Ctrl-A.
The tengu reaver casts a spell at you. The bolt of acid hits you!!
* * * LOW HITPOINT WARNING * * *
The acid corrodes you!
You feel much better.
The sphinx mumbles some strange words.
Something smites you!
The cyclops throws a large rock.
The large rock hits you!!
* * * LOW HITPOINT WARNING * * *
The manticore flicks its tail.
The volley of spikes hits you!
The barbed spikes become lodged in your body.
* * * LOW HITPOINT WARNING * * *
The tengu reaver casts a spell at you. The bolt of acid hits you!!
You die...

#####...# ########u..............
........# +})#...u.#..#.##.......
........###})#...###..#.###......
........#....#...##.....###......
........#§.C§#.Wl#..........#....
...#.##.#C####CBH##..>...^..##...
........#.H......##..........#...
...#....#..Q..{..#...........#...
...#....#.......@##.....#........
........###########.....##..#....
..............##..#.#...##..###..
.............#...#####..........#
..#...<......#...# ####......(##
.##..†...........####.##..)..#.##
##........................)).###
##...........##..........†.)#.##
#.#.##[).....................##


You could see a frost giant, a sphinx, a tengu reaver, a boulder beetle, a
purple ugly thing, a manticore, a cyclops, a freezing wraith and a basilisk.

Vanquished Creatures
  A boulder beetle (D:12)
  3 two-headed ogres
  Pikel (D:6)
  A deep elf pyromancer (D:12)
  An ugly thing (D:11)
  2 cyclopes
  A gargoyle (D:11)
  Maggie (D:7)
  3 trolls (D:11)
  2 spriggans (Bailey)
  A shadow (D:9)
  16 yaks
  A vampire (D:11)
  4 wyverns (D:10)
  2 basilisks
  2 steam dragons
  4 vampire mosquitoes (D:12)
  Menkaure (D:5)
  5 water moccasins (D:10)
  An acid dragon (D:8)
  5 black bears
  4 ice beasts
  A sky beast (D:7)
  2 orc warriors
  2 wolves (D:10)
  5 ogres (Bailey)
  5 centaurs
  A phantom (D:5)
  A kobold brigand (D:8)
  4 bullfrogs
  A scorpion (D:7)
  12 wights
  14 killer bees
  3 howler monkeys
  2 hounds
  5 orc priests
  A jelly (D:5)
  4 sleepcaps
  A gnoll bouda (D:6)
  2 iguanas
  Natasha (thrice) (D:3)
  9 orc wizards
  4 gnolls (D:6)
  6 adders
  A shadow imp (D:6)
  3 white imps
  2 ufetubi
  2 worms
  2 dart slugs
  17 orcs
  6 endoplasms
  2 giant cockroaches
  9 goblins
  3 hobgoblins
  11 kobolds
  4 quokkas
  12 ball pythons
  A bat (D:3)
  3 frilled lizards
  3 rats (D:1)
231 creatures vanquished.

Vanquished Creatures (others)
  An unseen horror (D:11)
1 creature vanquished.

Grand Total: 232 creatures vanquished

Notes
Turn   | Place    | Note
-------+----------+-------------------------------------------
     0 | D:1      | cheesebisquit the Troll Fighter began the quest for the
                  | Orb.
     0 | D:1      | Reached XP level 1. HP: 22/22 MP: 0/0
   276 | D:1      | Reached XP level 2. HP: 27/29 MP: 1/1
   397 | D:2      | Reached skill level 3 in Unarmed Combat
   397 | D:2      | Reached XP level 3. HP: 28/36 MP: 2/2
   416 | D:2      | Found a hazy altar of Hepliaklqana.
   957 | D:2      | Found Totugi's Antique Weapon Shop.
  1146 | D:3      | Found a faded altar of an unknown god.
  1161 | D:3      | Reached XP level 4. HP: 38/44 MP: 3/3
  1202 | D:3      | Noticed Natasha
  1219 | D:3      | Killed Natasha
  1398 | D:3      | Noticed Natasha
  1404 | D:3      | Killed Natasha
  1441 | D:3      | Reached skill level 4 in Unarmed Combat
  1441 | D:3      | Reached XP level 5. HP: 53/53 MP: 4/4
  1488 | D:3      | Noticed Natasha
  1494 | D:3      | Killed Natasha
  1526 | D:3      | Found an ornate altar of the Wu Jian Council.
  1526 | D:3      | Found a burning altar of Makhleb.
  1529 | D:3      | Became a worshipper of the Wu Jian Council
  1785 | D:4      | Noticed a black bear
  1813 | D:4      | Found Luose's Antique Weapon Shop.
  1839 | D:4      | Killed a black bear
  1840 | D:4      | Reached XP level 6. HP: 41/61 MP: 5/5
  1910 | D:4      | Found Nusihud's Weapon Shoppe.
  2032 | D:4      | Found Peaz's Weapon Shop.
  2093 | D:4      | Reached skill level 5 in Unarmed Combat
  2102 | D:4      | Reached XP level 7. HP: 17/68 MP: 6/6
  2160 | D:4      | Found Liutune's General Store.
  2163 | D:4      | Bought a scroll of identify for 26 gold pieces
  2378 | D:4      | Reached * piety under Wu Jian
  2676 | D:5      | Entered Level 5 of the Dungeon
  2722 | D:5      | Noticed Menkaure
  2855 | D:5      | Found Aleup's Weapon Shoppe.
  2924 | D:5      | Reached skill level 6 in Unarmed Combat
  2965 | D:5      | Killed Menkaure
  2989 | D:5      | Found a runed translucent door.
  2989 | D:5      | Noticed bairyn's ghost (novice AtFi)
  3309 | D:6      | Reached XP level 8. HP: 74/79 MP: 7/7
  3311 | D:6      | Reached skill level 5 in Shields
  3382 | D:6      | Reached skill level 7 in Unarmed Combat
  3396 | D:6      | Found a staircase to the Ecumenical Temple.
  3405 | Temple   | Entered the Ecumenical Temple
  3664 | D:6      | Reached skill level 5 in Fighting
  3679 | D:6      | Reached skill level 8 in Unarmed Combat
  3688 | D:6      | Reached ** piety under Wu Jian
  3749 | D:6      | Noticed Pikel
  3762 | D:6      | Killed Pikel
  3763 | D:6      | Reached XP level 9. HP: 61/88 MP: 8/8
  3935 | D:6      | Found Hodal's Book Shop.
  4149 | D:6      | Found a blossoming altar of Fedhas.
  4381 | D:7      | Identified the +3 hat "Wuodecurist" {Int+3 Dex+2 Stlth-}
  4440 | D:7      | Reached skill level 9 in Unarmed Combat
  4755 | D:7      | Noticed chickenninja42's ghost (novice MiBe)
  4756 | D:7      | Found a transporter.
  4760 | D:7      | Found a transporter.
  4763 | D:7      | Identified the +5 great mace of Cocytus {speed, rN+}
  4813 | D:7      | Noticed Maggie
  4830 | D:7      | Killed Maggie
  5487 | D:8      | Reached skill level 10 in Unarmed Combat
  5595 | D:8      | You fall into a shaft and drop 1 floor!
  5619 | D:9      | Found a flagged portal.
  5628 | Bailey   | Entered a bailey
  5648 | Bailey   | Reached XP level 10. HP: 88/100 MP: 9/9
  5702 | Bailey   | Noticed a two-headed ogre
  5716 | Bailey   | Killed a two-headed ogre
  5949 | D:9      | Reached *** piety under Wu Jian
  5957 | D:9      | Reached skill level 11 in Unarmed Combat
  6871 | D:9      | Reached skill level 5 in Dodging
  6903 | D:9      | Found Fozxoir's Book Shop.
  6953 | D:9      | Found a sacrificial altar of Ru.
  7029 | D:10     | Entered Level 10 of the Dungeon
  7038 | D:10     | Reached XP level 11. HP: 104/109 MP: 10/10
  7086 | D:10     | Found a glowing golden altar of the Shining One.
  7188 | D:10     | Reached skill level 12 in Unarmed Combat
  7240 | D:10     | Found a staircase to the Lair.
  7253 | D:10     | Reached **** piety under Wu Jian
  7376 | D:10     | Found Zearghyc's General Store.
  7433 | D:10     | Found Xiung's Changing Room.
  7823 | D:11     | Noticed a two-headed ogre
  8114 | D:11     | Noticed a two-headed ogre
  8119 | D:11     | Killed a two-headed ogre
  8165 | D:11     | Noticed a green ugly thing
  8186 | D:11     | Killed a green ugly thing
  8322 | D:11     | Found a staircase to the Orcish Mines.
  8362 | D:11     | Killed a two-headed ogre
  8598 | D:11     | Found Noedoz's Serpentskin Sales.
  8927 | D:9      | Bought a book of Sloth for 540 gold pieces
  8934 | D:9      | Learned a level 6 spell: Statue Form
  8937 | D:9      | Learned a level 2 spell: Blink
  9034 | D:12     | Noticed a deep elf pyromancer
  9053 | D:12     | Noticed a boulder beetle
  9060 | D:12     | Killed a boulder beetle
  9061 | D:12     | Reached skill level 13 in Unarmed Combat
  9111 | D:12     | Identified the ring "Xabokap" {rPois Will+ MP+9 EV+5}
  9216 | D:12     | Identified the +10 rapier of Domination {elec, rC+}
  9281 | D:12     | Killed a deep elf pyromancer
  9402 | D:12     | Reached XP level 12. HP: 120/120 MP: 11/11
  9539 | D:12     | Noticed a boulder beetle
  9539 | D:12     | Noticed a centaur warrior
  9539 | D:12     | Noticed an ogre mage
  9545 | D:12     | Noticed a tengu reaver
  9545 | D:12     | Noticed a frost giant
  9545 | D:12     | Noticed a sphinx
  9551 | D:12     | HP: 2/120 [manticore/volley of spikes (10)]
  9551 | D:12     | Killed from afar by a tengu reaver

Illustrated notes

Levels and vault maps discovered:
D:1:      dpeg_arrival_pond, layout_rooms, minmay_misc_feat_chi
D:2:      layout_basic, basic_altar, serial_shops,
          nicolae_shop_tiny_statue_garden, chequers_serial_rivers_micro_b
D:3:      layout_basic, gammafunk_temple_overflow_elements,
          shapermc_ecumenical_altar_mp_urbaneastern, uniq_natasha
D:4:      layout_loops_ring, serial_shops, kennysheep_mini_moat,
          nicolae_shop_tiny_statue_garden, nicolae_shop_pleasant_corner_grove,
          nicolae_shop_just_a_little_nook, serial_aquarium,
          aquarium_bridge_long_separate [aquarium_subvault_wall,
          aquarium_subvault_bridge, aquarium_subvault_balcony,
          aquarium_subvault_window, aquarium_subvault_bridge,
          aquarium_subvault_wall], aquarium_window_2, aquarium_window_fake,
          aquarium_window_corner, aquarium_window_corridor_1, aquarium_view_2b,
          aquarium_balcony_5b, minmay_cupped
D:5:      layout_rooms, serial_shops, nicolae_shop_scrapyard,
          hellmonk_ghost_happy_afterlife, uniq_menkaure
D:6:      layout_loops_cross, fedhas_altar_1, minmay_temple_entry_arrows,
          serial_shops, shop, hangedman_decor_peaks_small, uniq_pikel
D:7:      layout_cave_pods, gammafunk_ghost_smash,
          hangedman_decor_diamond_cutter, uniq_maggie
D:8:      layout_rooms
D:9:      layout_irregular_city, mainiacjoe_overflow_alcove_4, serial_shops,
          shop, enter_bailey_3
D:10:     wander_river, layout_irregular_city, lemuel_round_altar,
          minmay_lair_entry_grove, serial_shops, shop,
          nicolae_transmutations_shop, kennysheep_doodads
D:11:     layout_roguey, orc_0_dummy, guppyfry_shop_venom
D:12:     minmay_shrinking_squares, layout_cave_pools, drop_trap
Temple:   minmay_crystal_spiral_temple

Skill      XL: |  1  2  3  4  5  6  7  8  9 10 11 |
---------------+----------------------------------+-----
Shields        | 3 4 6 7 9 |  9.0
Unarmed Combat | 3 4 5 6 8 10 11 13 | 13.2
Fighting       | 3 4 5 6 7 8 |  8.2
Dodging        | 3 5 6 |  6.3

Action                     |  1- 3 |  4- 6 |  7- 9 | 10-12 || total
---------------------------+-------+-------+-------+-------++-------
  Melee: Unarmed           |    61 |    85 |   239 |   339 ||   724
  Throw: Javelin           |       |       |     4 |       ||     4
         Dart              |       |       |       |    24 ||    24
 Invoke: Serpent's Lash    |       |       |       |     1 ||     1
Ability: Lunge             |       |     3 |    23 |    33 ||    59
         Whirlwind         |       |       |     7 |    51 ||    58
    Use: Potion            |       |     2 |     3 |     4 ||     9
         Scroll            |       |       |    12 |    19 ||    31
   Stab: Sleeping          |     1 |     1 |       |       ||     2
 Armour: Robe              |    14 |    27 |    57 |   119 ||   217
  Dodge: Dodged            |    13 |    41 |    78 |   127 ||   259
  Block: Kite shield       |    17 |    42 |    90 |   127 ||   276
